AoeStats
← RIO1000

Arabia

506548265Analyzed
2v2 RM · 19d ago on Sep 14, 2026· 53m 14s· 4 players
Game mode
Random Map
Map size
Medium (4 player)
Population
200
Speed
Normal
Resources
Standard
Victory
Conquest
Starting age
Dark Age
Ending age
Imperial Age
RankedLock teamsTeams togetherTeam positionsShared explorationLock speedFull tech treeHidden civsTurbo modeCheats
Victory
Defeat
🇺🇸 Vikings · United States
988
+16
🇺🇸 Teutons · United States
984
+16
🇲🇽 Magyars · Mexico
1027
-17
🇵🇪 Celts · Peru
959
-15
BIGWHITEHOG
0:34 Loom
13:06 Feudal Age
13:15 Man-at-Arms
14:47 Arson
21:04 Double-Bit Axe
28:01 Castle Age
28:05 Pikeman
39:23 Crossbowman
51:02 Ballistics
straker
5:25 Loom
10:36 Feudal Age
11:35 Double-Bit Axe
20:40 Wheelbarrow
21:04 Town Watch
23:30 Castle Age
23:11 Gold Mining
23:14 Horse Collar
24:21 Bloodlines
24:49 Bow Saw
24:56 Scale Barding Armor
24:27 Pikeman
25:51 Forging
27:58 Iron Casting
35:18 Chain Barding Armor
36:02 Heavy Plow
38:09 Hand Cart
38:12 Scale Mail Armor
43:55 Fletching
47:50 Arson
55:39 Imperial Age
RIO1000
0:41 Loom
9:43 Feudal Age
8:01 Loom
10:12 Double-Bit Axe
19:42 Castle Age
18:58 Gold Mining
20:19 Bloodlines
21:09 Scale Barding Armor
23:12 Horse Collar
25:07 Husbandry
27:25 Bow Saw
Lord_Mastermind
10:16 Feudal Age
25:40 Castle Age
30:11 Horse Collar
38:24 Imperial Age
35:57 Stone Mining
48:17 Gold Mining
50:17 Man-at-Arms
50:31 Pikeman
51:08 Halberdier
Connection lost

Rejoining the realm…

Still unreachable

The connection could not be restored.

Session expired

The server has moved on; the page needs a fresh start.